Unix NetHack Version 5.0.0-0 post-release - last build May 23 2026 06:08:33 (1c0ff79ee797540d5714e4e18072db0edd9e58ae,branch:main).

Game began 2026-05-25 00:41:56, ended 2026-05-25 01:17:50.

ArrBianca, lawful female dwarven Valkyrie

                                 ---------
                                #........|
                              ###|.......|
                              #  -------.-
                              #         #
                              #         ##
                             ###       ###
                              #    --.--.--
                              #    |......|
                              #    |......+
                              #    |....<.|
                     ---------#    --------
                     |.......|##
                     ...@....|#
                     |........#
                     ---------

ArrBianca the Fighter       St:25 Dx:14 Co:19 In:7 Wi:10 Ch:10  Lawful
Dlvl:9  $:252 HP:0(65) Pw:11(11) AC:1  Xp:6 T:3944  Blind Deaf

Latest messages:
 You feel something move nearby.
 You feel something move nearby.
 You feel something move nearby.
 You feel something move nearby.
 You feel something move nearby.
 You feel something move nearby.
 You feel something move nearby.
 You feel something move nearby.
 You feel something move nearby.
 You feel something move nearby.
 You feel something move nearby.
 You feel something move nearby.
 You feel something move nearby.
 You feel something move nearby.
 You feel something move nearby.
 You feel something move nearby.
 You feel something move nearby.
 You feel something move nearby.
 You feel something move nearby.
 You feel something move nearby.
 You feel something move nearby.
 You finish your prayer.
 You feel that Tyr is well-pleased.
 What do you want to drink? [himwxP or ?*] i
 You feel better.
 It bites!
 It misses!
 It misses!
 It hits!
 It hits!
 It hits!
 It misses!
 It bites!
 What do you want to drink? [himwxP or ?*] i
 You feel better.
 It bites!
 It misses!
 It hits!
 It misses!
 It hits!
 It hits!
 It bites!
 It just misses!
 It bites!
 You die...
 Do you want your possessions identified? [ynq] (y) y
 Do you want to see your attributes? [ynq] (y) y
 Do you want an account of creatures vanquished? [ynaq] (y) n
 Do you want to see your conduct and achievements? [ynq] (y) y
 Do you want to see the dungeon overview? [ynq] (y) y

Inventory:
 Coins    ('$')
  $ - 252 gold pieces
 Weapons  (')')
  a - a +2 dwarvish spear (weapon in right hand)
  R - a rustproof +0 knife
  O - a rusty +0 orcish dagger
 Armor    ('[')
  l - an uncursed +0 elven leather helm (being worn)
  Q - an uncursed +0 pair of gauntlets of power (being worn)
  c - an uncursed +3 small shield (being worn)
  q - an uncursed +0 ring mail (being worn)
 Comestibles  ('%')
  d - 6 uncursed food rations
 Scrolls  ('?')
  o - 2 uncursed scrolls of confuse monster
  D - a blessed scroll of remove curse
 Spellbooks  ('+')
  E - an uncursed spellbook of force bolt
  t - an uncursed spellbook of healing
  A - an uncursed spellbook of healing
 Potions  ('!')
  h - an uncursed potion of gain energy
  w - an uncursed potion of gain level
  m - 7 uncursed potions of healing
  i - 2 cursed potions of healing
  P - an uncursed potion of object detection
  x - an uncursed potion of oil
 Rings    ('=')
  r - an uncursed +2 ring of gain constitution (on left hand)
  y - an uncursed +1 ring of increase damage (on right hand)
  u - a cursed ring of shock resistance named cursed
 Wands    ('/')
  e - a wand of enlightenment (0:11)
  S - a wand of striking (0:3)

ArrBianca the Valkyrie's attributes:

Background:
 You were a Fighter, a level 6 dwarven Valkyrie.
 You were lawful, on a mission for Tyr
 who was opposed by Odin (neutral) and Loki (chaotic).
 You were right-handed.
 You were in the Dungeons of Doom, on level 9.
 You entered the dungeon 3944 turns ago.
 It was nighttime.
 You had 614 experience points, 26 more were needed to attain level 7.

Basics:
 You had 0 out of 65 hit points.
 You had all 11 energy points (spell power).
 Your armor class was 1.
 Your wallet contained 252 zorkmids.
 Autopickup was on for '$?!/="+%' plus thrown, with exceptions.

Final Characteristics:
 Your strength was 25 (base:18/02, innate limit:18/100).
 Your dexterity was 14 (limit:20).
 Your constitution was 19 (base:17, limit:20).
 Your intelligence was 7 (limit:16).
 Your wisdom was 10 (limit:16).
 Your charisma was 10 (limit:16).

Final Status:
 You were temporarily blind.
 You were deaf.
 You weren't hungry.
 You were unencumbered.
 You were wielding a spear.
 You were skilled in spear.

Final Attributes:
 You were piously aligned.
 You were cold resistant.
 You had infravision.
 You were stealthy.
 You had a small damage bonus (+1).
 You were warded.
 You are dead.

Miscellaneous:
 You didn't encounter any bones levels.
 Total elapsed playing time was 35 minutes and 54 seconds.

Major events:
 Turn
    1: ArrBianca the lawful dwarven Valkyrie entered the dungeon
  941: attained the rank of Skirmisher (level 3)
 3200: attained the rank of Fighter (level 6)
 3781: consulted the Oracle
 3944: killed by a bat

You didn't know any spells.

Skills:
 Fighting Skills
   bare handed combat [Unskilled]
   two weapon combat  [Unskilled]
   riding             [Unskilled]
 Weapon Skills
   dagger             [Basic]
   axe                [Unskilled]
   pick-axe           [Unskilled]
   short sword        [Unskilled]
   broadsword         [Unskilled]
   long sword         [Unskilled]
   two-handed sword   [Unskilled]
   saber              [Unskilled]
   hammer             [Unskilled]
   quarterstaff       [Unskilled]
   polearms           [Unskilled]
   spear              [Skilled]
   trident            [Unskilled]
   lance              [Unskilled]
   sling              [Unskilled]
 Spellcasting Skills
   attack spells      [Unskilled]
   escape spells      [Unskilled]

Voluntary challenges:
 Character rerolling was not enabled.
 You never genocided any monsters.
 You never polymorphed an object.
 You never changed form.
 You used no wishes.
Achievements:
 You entered a shop.
 You attained the rank of Skirmisher.
 You attained the rank of Fighter.
 You consulted the Oracle of Delphi.

 The Dungeons of Doom: levels 1 to 9
    Level 1: "vault"
       A fountain.
    Level 2:
       An armor shop, a fountain.
    Level 3:
       A fountain.
    Level 4:
       A sink.
    Level 5:
       A fountain, a grave.
    Level 6:
       A fountain.
    Level 7:
       A general store, an altar to Tyr, a fountain.
    Level 8:
       Many fountains.
       Oracle of Delphi.
    Level 9: <- You were here.
       Final resting place for
          you, killed by a bat.


Vanquished creatures:
  2 small mimics
 an orc-captain
  a gold golem
  a blue jelly
  a Woodland-elf
  4 Mordor orcs
  a yellow light
  a shrieker
  a red naga hatchling
  2 elf zombies
  a straw golem
  3 giant ants
  a little dog
  a floating eye
  a dwarf
  8 hill orcs
  2 rothes
  a rabid rat
 an orc zombie
  a werejackal
 an iguana
  a gas spore
  4 hobbits
  a giant rat
  3 garter snakes
  a gnome zombie
 13 jackals
  2 foxes
  3 kobolds
  2 goblins
  a sewer rat
  4 grid bugs
  4 lichens
  a kobold zombie
  5 newts
81 creatures vanquished.

No species were genocided or became extinct.

Game over:
                       ----------
                      /          \
                     /    REST    \
                    /      IN      \
                   /     PEACE      \
                  /                  \
                  |    ArrBianca     |
                  |      252 Au      |
                  | killed by a bat  |
                  |                  |
                  |                  |
                  |                  |
                  |       2026       |
                 *|     *  *  *      | *
        _________)/\\_//(\/(/\)/\//\/|_)_______

Farvel ArrBianca the Valkyrie...

You died in The Dungeons of Doom on dungeon level 9 with 3114 points,
and 252 pieces of gold, after 3944 moves.
You were level 6 with a maximum of 65 hit points when you died.

